Map: Cerulean Fall LE

Players

Shino

  • Race: Zerg Zerg
  • Spawn Location: 7:00

Lambo - Winner!

  • Race: Zerg Zerg
  • League: Grandmaster
  • Spawn Location: 1:00

VOD

Have the link to the VOD?

Description

Time

  • Played on: Jan. 8, 2019, 2:19 p.m.
  • Length: 5:16
Show
View Real Time Build Order
Export as new Build Order

Shino Zerg 

Build Orders: Hatch First 

Get SALT Encoding   

  12  0:01  Drone  
  13  0:13  Overlord  
  13  0:18  Drone  
  14  0:32  Drone x2  
  16  0:50  Hatchery  
  16  0:52  Drone  
  16  0:55  Drone  
  17  0:59  Drone  
  18  1:08  Extractor  
  17  1:14  Spawning Pool  
  17  1:18  Drone  
  17  1:20  Drone  
  18  1:29  Drone  
  19  1:39  Overlord  
  19  1:53  Drone  
  20  2:01  Queen  
  20  2:02  Zergling x2  
  20  2:03  Zergling x2  
  20  2:04  Queen  
  26  2:09  Metabolic Boost  
  26  2:11  Drone  
  26  2:15  Drone  
  28  2:31  Hatchery  
  28  2:34  Drone  
  28  2:36  Drone  
  29  2:38  Drone  
  29  2:43  Drone  
  31  2:44  Drone  
  31  2:50  Drone  
  33  3:00  Baneling Nest  
  31  3:14  Zergling x10  
  31  3:15  Overlord  
  35  3:30  Drone  
  36  3:35  Drone x5  
  41  3:47  Drone x2  
  41  3:48  Drone x4  
  47  3:49  Baneling  
  47  3:54  Evolution Chamber, Zergling x2  
  47  3:55  Zergling x6  
  50  3:59  Baneling x2  
  50  4:00  Queen, Baneling  
  49  4:04  Zergling x2  
  49  4:05  Zergling x2  
  47  4:10  Zergling x4  
  46  4:19  Overlord  
  46  4:26  Baneling  
  46  4:28  Overlord  
  46  4:35  Overlord  
  47  4:38  Drone x3  
  47  4:39  Drone  
  50  4:45  Overlord  
  50  4:50  Drone  
  50  4:51  Zergling x2  
  50  4:52  Roach Warren, Drone  
  52  4:53  Drone x3  
  50  5:00  Drone  
  50  5:01  Drone x4  
Show
View Real Time Build Order
Export as new Build Order

Lambo Zerg - Winner!

Build Orders: Hatch First 

Get SALT Encoding   

  12  0:00  Drone  
  13  0:12  Overlord  
  13  0:20  Drone  
  14  0:33  Drone x2  
  16  0:45  Drone x2  
  18  0:56  Hatchery  
  17  0:59  Drone  
  17  1:04  Extractor  
  17  1:13  Spawning Pool  
  17  1:16  Drone  
  17  1:20  Drone  
  18  1:28  Drone  
  19  1:39  Drone  
  20  1:50  Overlord  
  20  2:04  Queen  
  20  2:05  Metabolic Boost  
  22  2:08  Queen  
  22  2:09  Drone  
  22  2:10  Drone  
  22  2:13  Drone  
  27  2:19  Drone  
  28  2:25  Drone  
  29  2:30  Zergling x2  
  29  2:32  Zergling x2  
  31  2:41  Hatchery  
  31  2:42  Zergling x2  
  31  2:47  Queen  
  33  2:52  Overlord  
  33  3:02  Drone  
  33  3:05  Drone  
  35  3:09  Drone  
  35  3:11  Drone  
  37  3:13  Zergling x2  
  37  3:17  Zergling x12  
  44  3:24  Baneling Nest  
  43  3:28  Overlord  
  43  3:33  Drone  
  44  3:47  Zergling x4  
  45  3:49  Drone x4  
  49  3:56  Evolution Chamber  
  49  4:01  Drone x4  
  51  4:03  Drone  
  51  4:04  Drone  
  51  4:06  Drone x2  
  54  4:11  Drone x2  
  54  4:16  Baneling x4  
  55  4:20  Extractor  
  55  4:22  Extractor  
  55  4:23  Drone x3  
  56  4:28  Overlord, Drone  
  57  4:31  Overlord  
  57  4:39  Roach Warren  
  57  4:42  Overlord  
  56  4:48  Drone x2  
  56  4:50  Drone  
  56  4:51  Overlord, Drone x5  
  64  4:53  Drone  
  64  4:54  Drone  
  66  5:05  Spine Crawler  
Tags
 
Add a new tag
Caveats
  • Supply blocks, unpowered buildings, or Contaminate may cause inaccurate times.
  • Supply counts are checked every 10 seconds.